 Dungeon Crawl Stone Soup version 0.29-a0-234-g0dae59b3db (webtiles) character file.

Game seed: 8368503120113444181

8701 kae the Covert (level 11, -2/56 HPs)
             Began as a Spriggan Enchanter on Mar 2, 2022.
             Was an Initiate of Dithmenos.
             Slain by an orc warrior
             ... wielding a +0 halberd
              (20 damage)
             ... on level 10 of the Dungeon.
             The game lasted 00:15:03 (16337 turns).

kae the Covert (Spriggan Enchanter)                Turns: 16337, Time: 00:15:04

Health: -2/56      AC:  2    Str:  8    XL:     11   Next: 13%
Magic:  18/24      EV: 22    Int: 18    God:    Dithmenos [......]
Gold:   610        SH:  0    Dex: 15    Spells: 15/26 levels left

rFire   + . .      SeeInvis +   a - +2 dagger
rCold   + . .      Faith    .   (no shield)
rNeg    . . .      Spirit   .   u - +0 robe
rPois   .          Reflect  .   (helmet restricted)
rElec   .          Harm     .   (no cloak)
rCorr   .          Rampage  .   (gloves unavailable)
Will    +....                   (boots unavailable)
Stlth   +++++.....              (no amulet)
HPRegen 0.18/turn               d - ring of protection from fire
MPRegen 0.19/turn               s - ring of protection from cold

@: lethally poisoned (-2 -> -8), slowed, quick
A: very small, no large weapons, unfitting armour, see invisible, speed 3
a: Renounce Religion


You were on level 10 of the Dungeon.
You worshipped Dithmenos.
Dithmenos was noncommittal.
You visited 2 branches of the dungeon, and saw 11 of its levels.

You collected 610 gold pieces.

Inventory:

Hand Weapons
 a - a +2 dagger (weapon)
 b - the +8 rapier of Raeguf {antimagic, rC+ Str+4}
   (You found it on level 6 of the Dungeon)

   It reduces the magical energy of the wielder, and disrupts the spells and
   magical abilities of those it strikes.
   Natural abilities and divine invocations are not affected.
   Str:       It affects your strength (+4).
   rC:        It protects you from cold.
Missiles
 f - a throwing net (quivered)
Armour
 u - a +0 robe (worn)
Jewellery
 d - a ring of protection from fire (left hand)
 s - a ring of protection from cold (right hand)
Wands
 k - a wand of flame (36)
 l - a wand of paralysis (25)
 n - a wand of iceblast (6)
 o - a wand of mindburst (28)
 y - a wand of acid (9)
Scrolls
 j - 4 scrolls of teleportation
 p - 2 scrolls of blinking
 q - a scroll of summoning
Potions
 c - a potion of invisibility
 e - 2 potions of flight {unknown}
 g - 6 potions of curing
 h - 4 potions of magic
 i - 5 potions of lignification
 m - 4 potions of might
 r - 2 potions of attraction
 t - a potion of heal wounds
 v - 2 potions of cancellation
 x - a potion of brilliance
 z - a potion of ambrosia
 A - a potion of resistance {unknown}
 B - a potion of haste {unknown}


   Skills:
 + Level 5.3 Fighting
 * Level 10.3 Short Blades
 + Level 9.0 Dodging
 + Level 11.1 Stealth
 + Level 8.2 Spellcasting
 + Level 8.6 Hexes
 * Level 0.4 Invocations


You had 15 spell levels left.
You knew the following spells:

 Your Spells              Type           Power      Damage    Failure   Level
a - Ensorcelled Hibernat  Hex/Ice        46%        N/A       2%          2
b - Confusing Touch       Hex            38%        N/A       1%          3
c - Tukima's Dance        Hex            38%        N/A       1%          3
d - Dazzling Flash        Conj/Hex       46%        N/A       4%          3

Your spell library contained the following spells:

 Spells                   Type           Power      Damage    Failure   Level
 Animate Skeleton         Necr           14%        N/A       10%         1
 Apportation              Tloc           14%        N/A       10%         1
 Summon Small Mammal      Summ           28%        N/A       10%         1
 Fulminant Prism          Conj/Hex       11%        3d9       16%         4
 Conjure Flame            Conj/Fire      7%         6-21      28%         3
 Ignite Poison            Fire/Tmut/Pois 7%         N/A       28%         3
 Ozocubu's Armour         Ice            7%         N/A       28%         3
 Iskenderun's Mystic Bla  Conj/Tloc      7%         2d4       67%         4
 Sticky Flame             Conj/Fire      7%         2d3       67%         4
 Lee's Rapid Deconstruct  Erth           3%         3d6*      95%         5
 Ozocubu's Refrigeration  Ice            3%         4d5       100%        7


Dungeon Overview and Level Annotations

Branches:
Dungeon (10/15)            Temple (1/1) D:5            Lair (0/6) D:8
    Orc (0/2) D:9

Altars:
Ashenzari
Cheibriados
Dithmenos
Elyvilon
Fedhas
Gozag
Hepliaklqana
Kikubaaqudgha
Makhleb
Nemelex Xobeh
Okawaru
Qazlal
Ru
Sif Muna
Trog
Uskayaw
Vehumet
Wu Jian
Xom
Yredelemnul
Zin
The Shining One

Shops:
D:2 =


Innate Abilities, Weirdness & Mutations

You are very small and have problems with some larger weapons.
You are too small for most types of armour.
You have supernaturally acute eyesight. (SInv)
You cover ground extremely quickly. (Speed+++)


Message History

The orc shouts!
The gnoll shouts!
There is an open door here.
A hornet is nearby!
You start waiting.
A hornet is nearby!
The hornet misses you.
Casting: Ensorcelled Hibernation (safe; 2% risk of failure)
Confirm with . or Enter, or press ? or * to list all spells.
Aiming: Ensorcelled Hibernation (safe; 2% risk of failure)
Press: ? - help, Shift-Dir - straight line, f - hornet
Aim: a hornet (chance to affect: 47%)
The hornet resists with some effort.
The hornet closely misses you. The hornet misses you.
Casting: Ensorcelled Hibernation (safe; 2% risk of failure)
Confirm with . or Enter, or press ? or * to list all spells.
Aiming: Ensorcelled Hibernation (safe; 2% risk of failure)
Press: ? - help, Shift-Dir - straight line, f/p - hornet
Aim: a hornet (chance to affect: 47%)
The hornet resists with some effort.
The hornet stings you!
You are poisoned.
You feel yourself slow down.
Casting: Ensorcelled Hibernation (safe; 2% risk of failure)
Confirm with . or Enter, or press ? or * to list all spells.
Aiming: Ensorcelled Hibernation (safe; 2% risk of failure)
Press: ? - help, Shift-Dir - straight line, f/p - hornet
Aim: a hornet (chance to affect: 47%)
The hornet looks drowsy...
You feel very sick.
The orc warrior hits you from afar with a +0 halberd!!
Casting: Ensorcelled Hibernation (safe; 2% risk of failure)
Confirm with . or Enter, or press ? or * to list all spells.
You can't see any susceptible monsters within range! (Use Z to cast anyway.)
The helpless hornet fails to defend itself.
You perforate the hornet like a sieve!!!!
You kill the hornet!
Dithmenos accepts your kill.
You feel sick.
The orc warrior hits you from afar with a +0 halberd!!
You die...

............#.########..#........
....###....##.##.# ...#.##..... .
#.#.##.#.....# ....#.##....#
#.'....#'###.# ....#.##....#
####.###......#.# .##.##.......#
#......'.#..#.#.# #.######.#.#
########......#.# .......'...#
#########'##...#.# .......#...#
...........#.#.†@############.#.#
############..o#.#...# #...#
..........#.#...# #...†
#..###....#.#.#.# #.#..
#..#.#.#...# #.... ###...y###...#
##### ...........####
......#....# # ......[....#######
.


You could see an orc warrior.

Vanquished Creatures
  A two-headed ogre (D:9)
  Pikel (D:6)
  An ugly thing (D:9)
  A manticore (D:9)
  A troll (D:10)
  Grinder (D:6)
  A hornet (D:10)
  Sigmund (D:3)
  A wraith (D:9)
  2 wyverns (D:7)
  11 yaks
  Menkaure (D:6)
  An acid dragon (D:8)
  Duvessa (D:5)
  2 water moccasins
  3 ice beasts
  3 orc warriors
  4 sky beasts
  A black bear (D:3)
  A centaur (D:6)
  3 phantoms
  Blork the orc (D:4)
  A necrophage (D:5)
  4 bullfrogs
  4 gnoll sergeants
  2 scorpions
  4 wights (D:8)
  Dowan (D:5)
  11 killer bees
  7 howler monkeys
  5 orc priests
  A hound (D:5)
  3 jellies
  2 iguanas
  Ijyb (D:3)
  6 orc wizards
  8 gnolls
  9 adders
  2 shadow imps (D:6)
  2 ufetubi (D:6)
  A worm (D:2)
  2 dart slugs
  27 orcs
  5 ball pythons
  An endoplasm (D:1)
  4 giant cockroaches
  9 goblins
  7 hobgoblins
  6 jackals (D:1)
  7 kobolds
  3 quokkas
  3 bats
  7 frilled lizards
  7 rats
205 creatures vanquished.

Vanquished Creatures (others)
  2 dancing weapons (D:8)
  3 fungi (D:8)
  2 plants (D:8)
7 creatures vanquished.

Grand Total: 212 creatures vanquished

Notes
Turn   | Place    | Note
-------+----------+-------------------------------------------
     0 | D:1      | kae the Spriggan Enchanter began the quest for the Orb.
     0 | D:1      | Reached XP level 1. HP: 9/9 MP: 5/5
   317 | D:1      | Reached XP level 2. HP: 7/13 MP: 6/6
   329 | D:1      | Learned a level 2 spell: Ensorcelled Hibernation
  1152 | D:1      | Reached XP level 3. HP: 15/17 MP: 5/8
  1991 | D:2      | Found Ygei's Jewellery Emporium.
  2919 | D:3      | Learned a level 3 spell: Confusing Touch
  2923 | D:3      | Learned a level 3 spell: Tukima's Dance
  3043 | D:3      | Reached XP level 4. HP: 21/21 MP: 9/9
  3388 | D:3      | Noticed an orc warrior
  3622 | D:3      | Killed an orc warrior
  3623 | D:3      | Reached skill level 1 in Fighting
  3623 | D:3      | Reached skill level 5 in Stealth
  3623 | D:3      | Reached XP level 5. HP: 17/25 MP: 1/11
  3948 | D:3      | Noticed Ijyb
  4228 | D:3      | Noticed Sigmund
  4246 | D:3      | Killed Sigmund
  4247 | D:3      | Reached XP level 6. HP: 23/30 MP: 7/12
  4346 | D:3      | Found a bloodstained altar of Trog.
  4638 | D:3      | Killed Ijyb
  4703 | D:4      | Noticed a water moccasin
  4811 | D:4      | Killed a water moccasin
  4812 | D:4      | Reached skill level 6 in Stealth
  4812 | D:4      | Reached XP level 7. HP: 27/35 MP: 11/14
  5075 | D:4      | Reached skill level 5 in Hexes
  5591 | D:4      | Noticed Blork the orc
  5599 | D:4      | Killed Blork the orc
  5600 | D:4      | Reached skill level 5 in Short Blades
  5761 | D:4      | Reached skill level 5 in Dodging
  6371 | D:5      | Entered Level 5 of the Dungeon
  6400 | D:5      | Noticed Dowan
  6423 | D:5      | Reached XP level 8. HP: 39/39 MP: 13/16
  6720 | D:5      | Reached skill level 7 in Stealth
  6761 | D:5      | Noticed Duvessa
  6783 | D:5      | Killed Duvessa
  6784 | D:5      | Reached skill level 5 in Spellcasting
  6888 | D:5      | Found a staircase to the Ecumenical Temple.
  6998 | D:5      | Killed Dowan
  7491 | Temple   | Entered the Ecumenical Temple
  7946 | D:6      | Noticed Pikel
  8172 | D:6      | Identified the +8 rapier of Raeguf {antimagic, rC+ Str+4}
  8471 | D:6      | Noticed Menkaure
  8533 | D:6      | Killed Menkaure
  8780 | D:6      | Reached skill level 8 in Stealth
  8809 | D:6      | Found an opulent altar of Gozag.
  8894 | D:6      | Killed Pikel
  8895 | D:6      | Reached XP level 9. HP: 23/44 MP: 10/19
  9283 | D:6      | Noticed Grinder
  9290 | D:6      | Killed Grinder
 10178 | D:7      | Reached skill level 9 in Stealth
 11614 | D:8      | Found a staircase to the Lair.
 12439 | D:8      | Reached XP level 10. HP: 51/51 MP: 21/21
 13105 | D:8      | Reached skill level 10 in Stealth
 13291 | D:9      | Noticed a manticore
 13294 | D:9      | Killed a manticore
 13404 | D:9      | Noticed a red ugly thing
 13407 | D:9      | Killed a red ugly thing
 13434 | D:9      | Learned a level 3 spell: Dazzling Flash
 13556 | D:9      | Reached skill level 5 in Fighting
 13649 | D:9      | Noticed a two-headed ogre
 13655 | D:9      | Killed a two-headed ogre
 13755 | D:9      | Found a staircase to the Orcish Mines.
 13853 | D:9      | Reached skill level 10 in Short Blades
 14298 | D:9      | Reached skill level 11 in Stealth
 14421 | D:9      | Reached XP level 11. HP: 44/56 MP: 18/24
 14737 | D:9      | Found a shimmering blue altar of Sif Muna.
 15630 | D:10     | Entered Level 10 of the Dungeon
 15915 | D:10     | Found a shadowy altar of Dithmenos.
 15961 | D:10     | Became a worshipper of Dithmenos the Shadowed
 16337 | D:10     | Slain by an orc warrior

Illustrated notes

Levels and vault maps discovered:
D:1:      dpeg_arrival_morbid_curiosity, layout_loops_ring
D:2:      layout_loops_ring, serial_shops, nicolae_shop_hallway_plus
D:3:      layout_basic, lightli_temple_of_fire, uniq_ijyb, uniq_sigmund
D:4:      layout_basic, minmay_between, uniq_blork_the_orc
D:5:      layout_layer_cave, temple_doors_e, solitary_fountain, st_stairs_7,
          uniq_duvessa
D:6:      layout_basic, grunt_gozag_statues, minmay_starry_boxes, uniq_menkaure,
          uniq_pikel, uniq_grinder
D:7:      layout_basic
D:8:      layout_basic, dpeg_oklobed_lair, kennysheep_generic_room_7
D:9:      minmay_distorted_concentric_squares, layout_irregular_city,
          led_sif_book, david_orc_2
D:10:     layout_stronghold, mainiacjoe_overflow_tiny_flanked, serial_shops,
          kennysheep_mini_moat
Temple:   hc_temple_tempest_star

Skill      XL: |  1  2  3  4  5  6  7  8  9 10 11 |
---------------+----------------------------------+-----
Short Blades   | 2 3 4 5 7 8 10 | 10.3
Dodging        | 3 4 5 6 7 8 9 |  9.0
Spellcasting   | 3 4 6 7 8 |  8.2
Hexes          | 4 5 6 7 8 |  8.6
Fighting       | 1 2 3 4 5 |  5.3
Stealth        | 5 6 8 9 11 | 11.1
Invocations    | |  0.4

Action                   |  1- 3 |  4- 6 |  7- 9 | 10-12 || total
-------------------------+-------+-------+-------+-------++-------
Melee: Dagger            |   159 |    49 |   203 |   138 ||   549
       Punch             |       |     1 |       |     2 ||     3
 Cast: Ensorcelled Hiber |    14 |    17 |   102 |    83 ||   216
       Confusing Touch   |       |     1 |     7 |     5 ||    13
       Tukima's Dance    |       |       |     4 |     3 ||     7
Evoke: Wand              |       |       |       |     4 ||     4
  Use: Scroll            |     5 |     3 |     9 |     5 ||    22
       Potion            |       |     2 |       |       ||     2
 Stab: Sleeping          |    18 |    13 |    69 |    46 ||   146
       Distracted        |     1 |       |       |       ||     1
       Confused          |       |       |     7 |     5 ||    12
Armor: Robe              |    15 |     3 |     9 |     3 ||    30
Dodge: Dodged            |    99 |    28 |   130 |   101 ||   358

Table legend: (Time is in decaauts)
 A = Elapsed time spent in this place.
 B = Non-inter-level travel time spent in this place.
 C = Inter-level travel time spent in this place.
 D = Time resting spent in this place.
 E = Time spent auto-exploring this place.
 F = Levels seen in this place.
 G = Mean time per level.
                   A        B        C        D        E       F      G
               +--------+--------+--------+--------+--------+-----+--------+
         Total |  12647 |  11876 |    771 |   3797 |   6347 |  11 | 1149.7 |
       Dungeon |  12433 |  11683 |    750 |   3797 |   6165 |  10 | 1243.3 |
        Temple |    214 |    194 |     20 |      0 |    181 |   1 |  214.0 |
               +--------+--------+--------+--------+--------+-----+--------+

Top non-repeatable levels by time:
     D:6: 1803 daAuts
     D:1: 1714 daAuts
     D:8: 1468 daAuts
     D:4: 1366 daAuts
     D:9: 1337 daAuts
     D:3: 1301 daAuts
     D:5: 1095 daAuts
     D:7: 1040 daAuts
     D:2: 791 daAuts
    D:10: 514 daAuts
  Temple: 214 daAuts
